 Dungeon Crawl Stone Soup version 0.29-a0-384-g6960b1960d (webtiles) character file.

Game seed: 18290012780370364924

333 quokkamancerX the Caller (level 6, -6/32 HPs)
             Began as a Tengu Summoner on May 8, 2022.
             Killed by divine providence
             ... invoked by an orc priest
              (17 damage)
             ... on level 3 of the Dungeon.
             The game lasted 00:11:46 (3211 turns).

quokkamancerX the Caller (Tengu Summoner)           Turns: 3211, Time: 00:11:47

Health: -6/32      AC:  3    Str:  9    XL:     6   Next: 52%
Magic:  9/13       EV: 14    Int: 17    God:
Gold:   107        SH:  0    Dex: 14    Spells: 10/14 levels left

rFire   . . .      SeeInvis .   f - +0 dagger
rCold   . . .      Faith    .   (no shield)
rNeg    . . .      Spirit   .   a - +0 robe
rPois   .          Reflect  .   (helmet restricted)
rElec   .          Harm     .   (no cloak)
rCorr   .          Rampage  .   g - +0 pair of gloves
Will    .....                   (boots unavailable)
Stlth   ++........              (no amulet)
HPRegen 0.10/turn               (no ring)
MPRegen 0.13/turn               (no ring)

@: flying quickly and evasively, quick
A: beak, talons 3, nimble flight
a: no special abilities


You were on level 3 of the Dungeon.
You visited 1 branch of the dungeon, and saw 3 of its levels.

You collected 107 gold pieces.

Inventory:

Hand Weapons
 f - a +0 dagger (weapon)
Missiles
 j - 5 poisoned darts (quivered)
 l - 4 javelins
Armour
 a - a +0 robe (worn)
 g - a +0 pair of gloves (worn)
Scrolls
 e - 2 scrolls of identify {unknown}
 i - a scroll of enchant armour {unknown}
 k - a scroll of fog {unknown}
 m - 2 scrolls of poison {unknown}
 n - a scroll of noise {unknown}
 o - 2 scrolls of torment {unknown}
 p - a scroll of summoning {unknown}
Potions
 b - a potion of magic
 c - 2 potions of curing {unknown}
 d - 4 potions of lignification {unknown}
 h - a potion of heal wounds {unknown}


   Skills:
 - Level 2.1 Dodging
 - Level 2.0 Stealth
 + Level 4.5 Spellcasting
 + Level 7.3 Summonings


You had 10 spell levels left.
You knew the following spells:

 Your Spells              Type           Power      Damage    Failure   Level
a - Summon Small Mammal   Summ           100%       N/A       1%          1
b - Call Canine Familiar  Summ           28%        N/A       2%          3

Your spell library contained the following spells:

 Spells                   Type           Power      Damage    Failure   Level
 Call Imp                 Summ           28%        N/A       1%          2
 Summon Guardian Golem    Hex/Summ       16%        N/A       10%         3
 Summon Lightning Spire   Summ/Air       16%        N/A       32%         4


Dungeon Overview and Level Annotations

Branches:
Dungeon (3/15)

Altars:


Innate Abilities, Weirdness & Mutations

You have a beak for a mouth.
You have claws for feet.
Your magical nature lets you fly swiftly and evasively.


Message History

Your hound bites the orc priest.
The orc priest barely misses your hound.
Casting: Summon Small Mammal (safe; 1% risk of failure)
Confirm with . or Enter, or press ? or * to list all spells.
Your hound closely misses the orc priest.
The orc priest closely misses your hound.
Your hound bites the orc priest.
You swap places.
You swap places.
You swap places.
The orc priest looks encouraged for a moment.
Your hound disappears in a puff of smoke!
The orc priest misses your quokka.
The orc priest hits your quokka but does no damage.
You swap places.
The orc priest misses your quokka.
The orc priest barely misses your quokka.
The orc priest hits your quokka with a +0 flail!
Your quokka dies!
Your quokka's corpse disappears in a puff of smoke!
The orc priest misses your quokka.
Casting: Summon Small Mammal (safe; 1% risk of failure)
Confirm with . or Enter, or press ? or * to list all spells.
The orc priest misses your quokka.
You swap places.
The orc priest hits your quokka with a +0 flail.
The orc priest barely misses your quokka.
The orc priest begins to cast a cantrip, but forgets the words!
The orc priest closely misses your quokka.
The orc priest mumbles some strange prayers to Beogh against you.
Your quokka writhes in agony!
Your quokka dies!
Your quokka's corpse disappears in a puff of smoke!
The orc priest mumbles some strange prayers to Beogh against you.
Beogh smites you!
There is an escape hatch in the floor here.
Your hound misses the orc priest.
Your hound bites the orc priest.
The orc priest invokes the aid of Beogh against you.
Beogh smites you!
Ouch! That really hurt!
You die...

...# #.# #.##.# #### #.#
#...## #.# ####.# #.# ##. #.#
#. #.# ## #.#
#.##############.#
#.##.oh..@.......#
#.##.#######.....# #.##.#
##.##.## #.##o# ##...#.#
#.##.# ##.###..##########
#.##.# #..# #.....)†)....
##.##.# #..###÷.##########
#######.o.#.####.#...#.......
o.o..h..#........##.##..#####


You could see an orc priest (ally target) and a friendly hound (summoned).

Vanquished Creatures
  An adder (D:3)
  An endoplasm (D:2)
  A giant cockroach (D:1)
  2 goblins
  7 hobgoblins
  A ball python (D:3)
  A bat (D:1)
  A frilled lizard (D:3)
15 creatures vanquished.

Vanquished Creatures (collateral kills)
  Sigmund (D:2)
  Jessica (D:2)
  Robin (D:3)
  3 gnolls (D:3)
  3 adders
  2 dart slugs (D:3)
  An orc (D:3)
  2 ball pythons
  7 bats
  7 endoplasms
  A giant cockroach (D:3)
  6 goblins
  7 hobgoblins
  4 quokkas
  A frilled lizard (D:3)
  2 kobolds (D:1)
  4 rats (D:2)
53 creatures vanquished.

Vanquished Creatures (others)
  4 plants (D:1)
4 creatures vanquished.

Grand Total: 72 creatures vanquished

Notes
Turn   | Place    | Note
-------+----------+-------------------------------------------
     0 | D:1      | quokkamancerX the Tengu Summoner began the quest for the
                  | Orb.
     0 | D:1      | Reached XP level 1. HP: 10/10 MP: 4/4
   105 | D:1      | Reached skill level 5 in Summonings
   325 | D:1      | Reached XP level 2. HP: 15/15 MP: 3/6
   978 | D:1      | Reached XP level 3. HP: 19/19 MP: 5/7
  1298 | D:2      | Noticed Jessica
  1305 | D:1      | Learned a level 3 spell: Call Canine Familiar
  1311 | D:2      | Killed Jessica
  1427 | D:2      | Noticed Sigmund
  1452 | D:2      | Killed Sigmund
  1453 | D:2      | Reached skill level 6 in Summonings
  1453 | D:2      | Reached XP level 4. HP: 24/24 MP: 7/11
  1453 | D:2      | Gained mutation: Your magical nature lets you fly swiftly
                  | and evasively. [Tengu growth]
  1453 | D:2      | Reached XP level 5. HP: 28/28 MP: 7/12
  1707 | D:2      | Reached XP level 6. HP: 32/32 MP: 13/13
  2115 | D:3      | Reached skill level 7 in Summonings
  2371 | D:3      | Noticed Robin
  2386 | D:3      | Killed Robin
  2502 | D:3      | Found a faded altar of an unknown god.
  2826 | D:3      | Noticed an orc warrior
  3211 | D:3      | Killed from afar by an orc priest

Illustrated notes

Levels and vault maps discovered:
D:1:      amcnicky_arrival_gap_in_the_tavern_cellar, layout_loops_ring,
          serial_forest, infiniplex_forest_clump_curved,
          infiniplex_forest_lined_room_3, infiniplex_forest_end_3,
          infiniplex_forest_clump_double, infiniplex_forest_zigzag_2,
          infiniplex_forest_straight_2, infiniplex_forest_end_double,
          infiniplex_forest_lined_room_2, infiniplex_forest_straight_1,
          kennysheep_another_room
D:2:      layout_basic, uniq_jessica, uniq_sigmund
D:3:      layout_loops_ring, basic_ecumenical_altar, dk_noncrumbling_4,
          kennysheep_generic_room_13, uniq_robin

Skill      XL: |  1  2  3  4  5  6 |
---------------+-------------------+-----
Summonings     | 5 6 7 |  7.3
Spellcasting   | 4 |  4.5
Dodging        | |  2.1
Stealth        | |  2.0

Action                   |  1- 3 |  4- 6 || total
-------------------------+-------+-------++-------
Melee: Unarmed           |     3 |       ||     3
       Kick              |     8 |     7 ||    15
       Peck              |     1 |     2 ||     3
       Dagger            |    10 |    28 ||    38
       Punch             |     2 |     2 ||     4
Throw: Dart              |     5 |     3 ||     8
 Cast: Summon Small Mamm |    36 |    15 ||    51
       Call Canine Famil |     2 |    18 ||    20
 Stab: Sleeping          |     1 |       ||     1
Armor: Robe              |     5 |     6 ||    11
Dodge: Dodged            |    18 |    22 ||    40

Table legend: (Time is in decaauts)
 A = Elapsed time spent in this place.
 B = Non-inter-level travel time spent in this place.
 C = Inter-level travel time spent in this place.
 D = Time resting spent in this place.
 E = Time spent auto-exploring this place.
 F = Levels seen in this place.
 G = Mean time per level.
                   A        B        C        D        E       F      G
               +--------+--------+--------+--------+--------+-----+--------+
         Total |   3120 |   3036 |     84 |    524 |   1467 |   3 | 1040.0 |
       Dungeon |   3120 |   3036 |     84 |    524 |   1467 |   3 | 1040.0 |
               +--------+--------+--------+--------+--------+-----+--------+

Top non-repeatable levels by time:
     D:1: 1355 daAuts
     D:3: 1140 daAuts
     D:2: 624 daAuts
